 Dungeon Crawl Stone Soup version 0.29.1-12-g30fa7ad0bf (webtiles) character file.

Game seed: 16143063344662813408

65 hawla the Chiller (level 4, -2/33 HPs)
             Began as a Meteoran Ice Elementalist on Dec 15, 2022.
             Succumbed to an adder's poison
             ... on level 5 of the Dungeon.
             The game lasted 00:03:13 (635 turns).

hawla the Chiller (Meteoran Ice Elementalist)        Turns: 635, Time: 00:03:14

Health: -2/33      AC:  3    Str: 10    XL:     4   Next: 60%
Magic:  6/10       EV: 12    Int: 18    God:
Gold:   44         SH:  0    Dex: 14    Spells: 5/9 levels left

rFire   . . .      SeeInvis .   (no weapon)
rCold   + . .      Faith    .   (no shield)
rNeg    . . .      Spirit   .   a - +0 robe
rPois   .          Reflect  .   d - +0 helmet
rElec   .          Harm     .   (no cloak)
rCorr   .          Rampage  .   (no gloves)
Will    .....                   (no boots)
Stlth   +.........              (no amulet)
HPRegen 0.11/turn               f - ring of protection from cold
MPRegen 0.12/turn               (no ring)

@: lethally poisoned (-2 -> -13), glowing, invisible (but backlit and visible)
A: sense surroundings 1, otherworldly, glowing, explore regen
a: no special abilities


You were on level 5 of the Dungeon.
You visited 1 branch of the dungeon, and saw 5 of its levels.

You collected 44 gold pieces.

Inventory:

Armour
 a - a +0 robe (worn)
 d - a +0 helmet (worn)
Jewellery
 f - a ring of protection from cold (left hand)
Wands
 i - a wand of digging (4)
Potions
 b - a potion of magic
 g - a potion of lignification {unknown}
 h - a potion of heal wounds {unknown}


   Skills:
 + Level 2.6 Dodging
 - Level 1.4 Stealth
 + Level 3.4 Spellcasting
 + Level 5.7 Ice Magic


You had 5 spell levels left.
You knew the following spells:

 Your Spells              Type           Power      Damage    Failure   Level
a - Freeze                Ice            92%        1d10      1%          1
b - Frozen Ramparts       Ice            46%        1d7       4%          3

Your spell library contained the following spells:

 Spells                   Type           Power      Damage    Failure   Level
 Ozocubu's Armour         Ice            23%        N/A       4%          3
 Ensorcelled Hibernation  Hex/Ice        26%        N/A       8%          2
 Conjure Flame            Conj/Fire      3%         6-21      43%         3
 Ignite Poison            Fire/Tmut/Pois 3%         N/A       43%         3
 Spider Form              Tmut/Pois      3%         N/A       43%         3
 Hailstorm                Conj/Ice       13%        3d5       43%         4
 Anguish                  Hex/Necr       1%         N/A       83%         4
 Sticky Flame             Conj/Fire      3%         2d3       83%         4


Dungeon Overview and Level Annotations

Branches:
Dungeon (5/15) Zot: 2366
 Temple: D:4-7

Altars:
Kikubaaqudgha

Annotations:
D:4 Eustachio


Innate Abilities, Weirdness & Mutations

You passively map a small area around you.
You are easily found by Zot.
You glow in the dark.
You regain HP and MP as you explore.


Message History

Aim: a giant cockroach (severely wounded)
You freeze the giant cockroach!
You kill the giant cockroach!
Unknown command.
It was a potion of curing.
You feel better. The adder bites you.
* * * LOW HITPOINT WARNING * * *
Casting: Freeze (safe; 1% risk of failure)
Confirm with . or Enter, or press ? or * to list all spells.
Aiming: Freeze (safe; 1% risk of failure)
Press: ? - help, Shift-Dir - straight line, f - iguana
Aim: an iguana
Okay, then.
You feel better. The adder barely misses you. The iguana bites you!
* * * LOW HITPOINT WARNING * * *
Casting: Freeze (safe; 1% risk of failure)
Confirm with . or Enter, or press ? or * to list all spells.
Aiming: Freeze (safe; 1% risk of failure)
Press: ? - help, Shift-Dir - straight line, f - iguana
Aim: an iguana You freeze the iguana!
The iguana is severely wounded.
The adder bites you but does no damage.
The iguana bites you but does no damage.
Casting: Freeze (safe; 1% risk of failure)
Confirm with . or Enter, or press ? or * to list all spells.
Aiming: Freeze (safe; 1% risk of failure)
Press: ? - help, Shift-Dir - straight line, f/p - iguana
Aim: an iguana (severely wounded)
You freeze the iguana.
The iguana is severely wounded.
The iguana seems to slow down.
The adder bites you.
* * * LOW HITPOINT WARNING * * *
You are lethally poisoned!
The adder poisons you! The adder bites you.
* * * LOW HITPOINT WARNING * * *
You are more poisoned.
The adder poisons you!
It was a potion of invisibility.
You become transparent, but the glow from your body prevents you from becoming completely invisible.
You die...

, , , , , #.,
*.. ,
###.######. ,
...........,,
, ,
#........,, ,
* .#.......#
* .........#
#.>..lS.#
#.....@.#
#########


You could see an iguana (slow) and an adder.

Vanquished Creatures
  A hound (D:4)
  An adder (D:3)
  2 dart slugs (D:2)
  An orc (D:2)
  2 ball pythons (D:2)
  2 bats
  An endoplasm (D:2)
  A giant cockroach (D:5)
  2 goblins
  3 hobgoblins
  2 frilled lizards
  4 kobolds
22 creatures vanquished.

Notes
Turn   | Place    | Note
-------+----------+-------------------------------------------
     0 | D:1      | hawla the Meteoran Ice Elementalist began the quest for the
                  | Orb.
     0 | D:1      | Reached XP level 1. HP: 14/14 MP: 5/5
   128 | D:2      | Reached XP level 2. HP: 13/20 MP: 3/6
   128 | D:2      | Found a faded altar of an unknown god.
   474 | D:2      | Reached skill level 5 in Ice Magic
   474 | D:2      | Reached XP level 3. HP: 21/26 MP: 5/8
   478 | D:2      | Learned a level 3 spell: Frozen Ramparts
   521 | D:3      | Found an ancient bone altar of Kikubaaqudgha.
   591 | D:4      | Reached XP level 4. HP: 28/33 MP: 7/10
   593 | D:4      | Noticed a phantom
   613 | D:4      | Noticed Eustachio
   627 | D:5      | Entered Level 5 of the Dungeon
   634 | D:5      | HP: 1/33 [adder (1)]
   635 | D:5      | Succumbed to an adder's poison

Illustrated notes

Levels and vault maps discovered:
D:1:      ncdulo_watergridlock, layout_loops_ring
D:2:      layout_loops_ring, shapermc_ecumenical_altar_mp_urbaneastern,
          chequers_decorated_corner, grunt_decor_one_mirror
D:3:      layout_basic, mainiacjoe_overflow_paths, lemuel_doored_altar,
          marbit_many_paths, elyvilon_altar_1, kennysheep_another_room
D:4:      layout_basic, doesnt_xom_only_xom, minmay_mini_jars, uniq_eustachio,
          uniq_ijyb
D:5:      layout_rooms, nicolae_overflow_hidden_temple, trog_hazing_becter,
          patterned_corridor

Skill      XL: |  1  2  3 |
---------------+----------+-----
Ice Magic      | 5 |  5.7
Spellcasting   | 3 |  3.4
Dodging        | |  2.6
Stealth        | |  1.4

Action                   |  1- 3 |  4- 6 || total
-------------------------+-------+-------++-------
Melee: Unarmed           |    13 |       ||    13
 Cast: Freeze            |    23 |     5 ||    28
       Frozen Ramparts   |     2 |       ||     2
Evoke: Wand              |       |     1 ||     1
  Use: Potion            |       |     3 ||     3
       Scroll            |       |     1 ||     1
Armor: Robe              |    10 |     4 ||    14
Dodge: Dodged            |    21 |    10 ||    31
